AoeStats
← 陟遐自迩

Four Lakes

502931160Analyzed
1v1v1v1v1v1v1v1 RM · 1mo ago on Aug 29, 2026· 11m 15s· 8 players
Game mode
Random Map
Map size
Tiny (2 player)
Population
200
Speed
Fast
Resources
Standard
Victory
Standard
Starting age
Dark Age
Ending age
Dark Age
RankedLock teamsTeams togetherTeam positionsShared explorationLock speedFull tech treeHidden civsTurbo modeCheats

Team 6

Victory
🇳🇱 Wu · Netherlands
1565
+5

Team 7

Victory
🇩🇪 Goths · Germany
1426
+10

Team 11

Victory
🇮🇳 Tatars · India
1608
+4

Team 12

Victory
🇨🇳 Malians · China
1569
+5

Team 8

Defeat
🇻🇳 Chinese · Vietnam
1234
-5

Team 9

Defeat
🇻🇳 Mongols · Vietnam
1343
-8

Team 10

Defeat
🇩🇪 Jurchens · Germany
1324
-7

Team 13

Defeat
🇫🇷 Celts · France
1262
-5
[SWRD] Linkin
8:47 Bloodlines
Sendrom
Billy
CHIMSEDINANG
陟遐自迩
[SWRD] OverGame
11:12 Bloodlines
yumo
10:58 Chain Mail Armor
11:03 Chain Barding Armor
10:39 Bodkin Arrow
10:59 Leather Archer Armor
11:05 Ballistics
10:26 Treadmill Crane
10:36 Guard Tower
10:26 Treadmill Crane
11:21 Squires
11:06 Arson
10:42 Pikeman
10:42 Long Swordsman
Seb
Connection lost

Rejoining the realm…

Still unreachable

The connection could not be restored.

Session expired

The server has moved on; the page needs a fresh start.